 Dungeon Crawl Stone Soup version 0.17-a0-1642-gd4b747b (webtiles) character file.

359 ithil the Chiller (level 6, -3/46 HPs)
             Began as a Demigod Ice Elementalist on Aug 8, 2015.
             Shot with an arrow by a centaur (6 damage)
             ... on level 5 of the Dungeon.
             The game lasted 00:31:42 (3344 turns).

ithil the Chiller (Demigod Ice Elementalist)        Turns: 3344, Time: 00:31:42

Health: -3/46      AC:  3    Str: 11    XL:     6   Next: 14%
Magic:  1/14       EV: 20    Int: 19    God:
Gold:   164        SH:  0    Dex: 23    Spells: 4 memorised, 2 levels left

rFire  . . .     SeeInvis +     t - +4 hand axe
rCold  . . .     Clarity  +     a - +1 robe
rNeg   . . .     SustAt   +     (no shield)
rPois  .         Gourm    .     (no helmet)
rElec  .         Spirit   .     (no cloak)
rCorr  .         Warding  .     (no gloves)
rMut   .         Stasis   .     (no boots)
MR     .....                    (no amulet)
Stlth  ++++......               (no ring)
                                j - ring of see invisible

@: agile, not resistant to hostile enchantments, stealthy
A: clarity, deterioration 1, dopey 1, high mp 1, sustain attributes
a: no special abilities


You were on level 5 of the Dungeon.
You were not hungry.

You visited 1 branch of the dungeon, and saw 4 of its levels.

You collected 164 gold pieces.

Inventory:

Hand weapons
 h - a +0 dagger
 l - a +0 club
 n - a +0 whip
 t - a +4 hand axe (weapon)
Missiles
 e - 207 stones (quivered)
 f - 45 arrows
 o - 16 sling bullets
 B - 2 large rocks
Armour
 a - a +1 robe (worn)
 g - a +0 ring mail
 k - a +0 robe
 s - a +0 robe
 A - a +0 pair of boots
Jewellery
 j - a ring of see invisible (left hand)
 v - an uncursed amulet of guardian spirit
 w - an uncursed ring of sustain attributes {unknown}
Scrolls
 r - 3 scrolls of noise
 u - a scroll of recharging
 x - a scroll of teleportation {unknown}
 y - a scroll of magic mapping {unknown}
Potions
 m - a potion of agility
Books
 b - a book of Frost

   Spells                             Type                      Level
   a - Freeze                         Ice                          1
   b - Throw Frost                    Conjuration/Ice              2
   c - Ozocubu's Armour               Charms/Ice                   3
   d - Throw Icicle                   Conjuration/Ice              4
   e - Summon Ice Beast               Ice/Summoning                4
   f - Condensation Shield            Ice                          4
Comestibles
 c - 7 bread rations
 i - 2 slices of pizza
 p - a meat ration
 z - a royal jelly


   Skills:
 + Level 0.5 Fighting
 + Level 3.2 Dodging
 + Level 2.1 Stealth
 + Level 3.6 Spellcasting
 + Level 1.1 Conjurations
 + Level 4.4 Ice Magic


You had 2 spell levels left.
You knew the following spells:

 Your Spells              Type           Power        Failure   Level  Hunger
a - Freeze                Ice            ###.         2%          1    None
b - Throw Frost           Conj/Ice       ##....       10%         2    ##.....
c - Ozocubu's Armour      Chrm/Ice       ##......     17%         3    ###....
d - Throw Icicle          Conj/Ice       ##......     50%         4    ####...


Dungeon Overview and Level Annotations

Branches:
Dungeon (5/15)
 Temple: D:4-7


Innate Abilities, Weirdness & Mutations

You have an increased reservoir of magic (+10% MP).
Your attributes are resistant to harm.
You possess an exceptional clarity of mind.
Your body sometimes deteriorates upon taking damage.
You are dopey. (Int -2)


Message History

Confirm with . or Enter, or press ? or * to list all spells.
You don't have enough magic to cast that spell.
Sorry, you're not good enough to have a special ability.
Unknown command.
Casting: Freeze
Confirm with . or Enter, or press ? or * to list all spells.
Aiming: Freeze
Press: ? - help, Shift-Dir - straight line, f/p - worker ant zombie
Aim: a worker ant zombie You freeze the worker ant zombie.
The worker ant zombie resists.
The worker ant zombie completely misses you.
Casting: Freeze
Confirm with . or Enter, or press ? or * to list all spells.
Aiming: Freeze
Press: ? - help, Shift-Dir - straight line, f/p - worker ant zombie
Aim: a worker ant zombie You freeze the worker ant zombie.
The worker ant zombie resists.
The worker ant zombie misses you.
The centaur shoots an arrow.
The arrow hits you.
You die...

..#....+...#.........'..#........
..#....#...'.........#..###+#....
..#....#..##.........#......#....
.>#....#..#....###'###..##..#....
..'....#..#....#....##..##..+....
..#....#..#....#....'...###'#....
..#....'..+....'....#...##((##...
..#....#..#....#..Z.#...'(...#...
..#....#+##....#@##.##..##...(...
###..........###.##.###'##...#(..
.............#...c.c.....#...#...
.............#...........+...#..(
.............+...........#...c..(
.............#+####'###'###..#...
#+###+##+#......###.##..###..#...
#........#......#............#...
+........+......+............+...


You could see a centaur and a worker ant zombie.

Vanquished Creatures
  2 scorpions (D:5)
  A jelly (D:5)
  2 orc wizards (D:5)
  An iguana (D:5)
  2 worker ants (D:5)
  4 adders
  2 oozes
  4 giant geckos
  6 orcs (D:5)
  5 bats
  2 giant cockroaches
  3 goblins
  6 hobgoblins
  3 jackals (D:5)
  A ball python (D:1)
  A giant gecko zombie (D:5)
  3 giant newts (D:1)
  4 kobolds
  4 rats
  8 plants (D:5)
64 creatures vanquished.

Vanquished Creatures (others)
  2 plants (D:5)
2 creatures vanquished.

Grand Total: 66 creatures vanquished

Notes
Turn   | Place    | Note
--------------------------------------------------------------
     0 | D:1      | ithil the Demigod Ice Elementalist began the quest for the Orb.
     0 | D:1      | Reached XP level 1. HP: 14/14 MP: 5/5
   365 | D:1      | Reached skill level 3 in Ice Magic
   401 | D:1      | Reached XP level 2. HP: 14/20 MP: 4/7
   496 | D:1      | Learned a level 2 spell: Throw Frost
  1010 | D:1      | Gained mutation: Your body sometimes deteriorates upon taking damage. [potion of mutation]
  1010 | D:1      | Gained mutation: You possess an exceptional clarity of mind. [potion of mutation]
  1010 | D:1      | Gained mutation: You are dopey. (Int -2) [potion of mutation]
  1038 | D:2      | Reached XP level 3. HP: 23/26 MP: 1/9
  1697 | D:3      | Learned a level 3 spell: Ozocubu's Armour
  1760 | D:3      | You fall through a shaft for 2 floors!
  1760 | D:5      | Entered Level 5 of the Dungeon
  1787 | D:5      | Reached skill level 1 in Conjurations
  1787 | D:5      | Reached XP level 4. HP: 11/33 MP: 1/10
  2302 | D:5      | Reached XP level 5. HP: 34/39 MP: 5/12
  2331 | D:5      | Learned a level 4 spell: Throw Icicle
  2450 | D:5      | Reached skill level 4 in Ice Magic
  3210 | D:5      | Reached XP level 6. HP: 46/46 MP: 7/14
  3330 | D:5      | HP: 1/46 [worker ant zombie (5)]
  3344 | D:5      | Shot with an arrow by a centaur

Vault maps used:
D:1:      minmay_arrival_solitary_statue, minmay_distorted
D:3:      first_bread, st_stairs_6, kennysheep_generic_room_15
D:5:      nicolae_zen_rock_garden

Action                   |  1- 3 |  4- 6 || total
-------------------------+-------+-------++-------
Melee: Unarmed           |    45 |       ||    45
       Whip              |     5 |     6 ||    11
       Hand axe          |       |    79 ||    79
Throw: Stone             |     5 |       ||     5
 Cast: Freeze            |    32 |    62 ||    94
       Throw Frost       |    24 |    14 ||    38
       Ozocubu's Armour  |     1 |       ||     1
       Throw Icicle      |       |     1 ||     1
  Use: Potion            |     5 |     3 ||     8
       Scroll            |     4 |     4 ||     8
  Eat: Chunk             |     4 |     2 ||     6
       Pizza             |       |     1 ||     1
       Bread ration      |       |     1 ||     1
